 Dungeon Crawl Stone Soup version 0.30-a0-6-g7c9e10e132 (webtiles) character file.

Game seed: 17822087715329894827

81 xian the Firebug (level 4, -2/33 HPs)
             Began as a Draconian Fire Elementalist on Aug 23, 2022.
             Slain by an orc
             ... wielding a +2 whip of electrocution
              (16 damage)
             ... on level 3 of the Dungeon.
             The game lasted 00:05:51 (2400 turns).

xian the Firebug (Draconian Fire Elementalist)      Turns: 2400, Time: 00:05:51

Health: -2/33      AC:  5    Str: 10    XL:     4   Next: 19%
Magic:  1/7        EV: 12    Int: 18    God:
Gold:   87         SH:  0    Dex: 11    Spells: 5/8 levels left

rFire   . . .      SeeInvis .    b - +0 dagger
rCold   . . .      Faith    .    (no shield)
rNeg    . . .      Spirit   .    (body armour unavailable)
rPois   .          Reflect  .    (helmet restricted)
rElec   .          Harm     .    (no cloak)
rCorr   .          Rampage  .    (no gloves)
Will    .....                    (no boots)
Stlth   ++........               (no amulet)
HPRegen 0.11/turn                (no ring)
MPRegen 0.10/turn                (no ring)

@: no status effects
A: AC +5, unfitting armour, cold-blooded
a: no special abilities


You were on level 3 of the Dungeon.
You visited 1 branch of the dungeon, and saw 3 of its levels.

You collected 87 gold pieces.

Inventory:

Hand Weapons
 b - a +0 dagger (weapon)
Scrolls
 c - 2 scrolls of amnesia {unknown}
 e - a scroll of teleportation {unknown}
 f - a scroll of identify {unknown}
Potions
 a - a potion of magic
 d - a potion of brilliance {unknown}
 g - a potion of ambrosia {unknown}


   Skills:
 + Level 0.1 Fighting
 + Level 0.2 Short Blades
 + Level 2.0 Dodging
 + Level 2.0 Stealth
 + Level 0.4 Unarmed Combat
 + Level 2.6 Spellcasting
 + Level 1.5 Conjurations
 + Level 4.0 Fire Magic


You had 5 spell levels left.
You knew the following spells:

 Your Spells              Type           Power      Damage    Failure   Level
a - Foxfire               Conj/Fire      48%        2x1d6     5%          1
b - Scorch                Fire           32%        2d7       4%          2

Your spell library contained the following spells:

 Spells                   Type           Power      Damage    Failure   Level
 Conjure Flame            Conj/Fire      12%        6-21      16%         3
 Inner Flame              Hex/Fire       9%         N/A       22%         3
 Flame Wave               Conj/Fire      12%        2d6       47%         4
 Anguish                  Hex/Necr       1%         N/A       86%         4
 Enfeeble                 Hex            1%         N/A       100%        7


Dungeon Overview and Level Annotations

Branches:
Dungeon (3/15)

Altars:


Innate Abilities, Weirdness & Mutations

Your plain brown scales are hard. (AC +5)
You cannot fit into any form of body armour.
You are cold-blooded and may be slowed by cold attacks.


Message History

The orc hits you but does no damage.
You hit the orc but do no damage. You tail-slap the orc.
The orc is severely wounded.
An orc comes into view.
It is wielding a +2 whip of electrocution.
The orc barely misses you.
You hit the orc but do no damage.
The orc is severely wounded.
The orc hits you with a +0 falchion.
You hit the orc.
You kill the orc!
You barely miss the orc. The orc hits you with a +3 falchion.
An orc comes into view. It is wielding a +0 whip.
You closely miss the orc.
The orc shouts!
The orc hits you but does no damage.
You hit the orc.
The orc is moderately wounded.
The orc closely misses you.
Casting: Foxfire (safe; 5% risk of failure)
Confirm with . or Enter, or press ? or * to list all spells.
Flames lash the orc.
The orc is severely wounded.
The orc's fire resistance burns away.
The orc completely misses you.
Casting: Scorch (safe; 4% risk of failure)
Confirm with . or Enter, or press ? or * to list all spells.
Flames lash the orc.
The orc is burned terribly!
You kill the orc!
The orc hits you with a +3 falchion.
Casting: Scorch (safe; 4% risk of failure)
Confirm with . or Enter, or press ? or * to list all spells.
Flames lash the orc.
You kill the orc!
Casting: Scorch (safe; 4% risk of failure)
Confirm with . or Enter, or press ? or * to list all spells.
You don't have enough magic to cast this spell.
You hit the orc.
The orc is heavily wounded.
The orc hits you with a +2 whip of electrocution.
You are electrocuted!
You die...

#........
#.#.###.#
######.#...#
#####......#...#
#.....###..#...#
#.##..#....#...#
#.##..#.......##
#.##.......####
#@###.######
#o##.........
#.###########
#)# #.. ###


You could see an orc.

Vanquished Creatures
  2 adders (D:2)
  A worm (D:2)
  A dart slug (D:2)
  4 orcs
  6 endoplasms
  3 giant cockroaches (D:1)
  5 goblins
  9 hobgoblins
  4 kobolds (D:1)
  A quokka (D:2)
  2 ball pythons
  2 bats (D:1)
  3 frilled lizards
  3 rats
46 creatures vanquished.

Vanquished Creatures (others)
  89 foxfires
  A fungus (D:2)
  3 plants (D:2)
93 creatures vanquished.

Grand Total: 139 creatures vanquished

Notes
Turn   | Place    | Note
-------+----------+-------------------------------------------
     0 | D:1      | xian the Draconian Fire Elementalist began the quest for
                  | the Orb.
     0 | D:1      | Reached XP level 1. HP: 14/14 MP: 3/3
   151 | D:1      | Reached XP level 2. HP: 15/20 MP: 1/5
   909 | D:1      | Reached XP level 3. HP: 22/26 MP: 3/6
   912 | D:1      | Learned a level 2 spell: Scorch
  1611 | D:2      | Reached skill level 4 in Fire Magic
  1629 | D:2      | Reached XP level 4. HP: 17/33 MP: 1/7
  1876 | D:2      | Found a faded altar of an unknown god.
  2400 | D:3      | Slain by an orc

Illustrated notes

Levels and vault maps discovered:
D:1:      lightli_arrival_maybe_door_vault, layout_basic
D:2:      layout_loops_ring, shapermc_ecumenical_altar_mp_ritualfount,
          wad_floor_pattern_untrapped, nrook_campfire
D:3:      layout_basic, grunt_temple_overflow_lords_of_destruction,
          nicolae_overflow_crystal_walls

Skill      XL: |  1  2  3 |
---------------+----------+-----
Dodging        | 2 |  2.0
Stealth        | 2 |  2.0
Fire Magic     | 4 |  4.0
Fighting       | |  0.1
Short Blades   | |  0.2
Unarmed Combat | |  0.4
Spellcasting   | |  2.6
Conjurations   | |  1.5

Action                   |  1- 3 |  4- 6 || total
-------------------------+-------+-------++-------
Melee: Unarmed           |    10 |       ||    10
       Dagger            |    76 |    12 ||    88
       Tailslap          |    10 |     2 ||    12
       Punch             |     2 |       ||     2
 Cast: Foxfire           |    43 |    12 ||    55
       Scorch            |     9 |     3 ||    12
Armor: Skin              |    28 |     3 ||    31
Dodge: Dodged            |    58 |     8 ||    66

Table legend: (Time is in decaauts)
 A = Elapsed time spent in this place.
 B = Non-inter-level travel time spent in this place.
 C = Inter-level travel time spent in this place.
 D = Time resting spent in this place.
 E = Time spent auto-exploring this place.
 F = Levels seen in this place.
 G = Mean time per level.
                   A        B        C        D        E       F      G
               +--------+--------+--------+--------+--------+-----+--------+
         Total |   2400 |   2361 |     39 |      0 |   1826 |   3 |  800.0 |
       Dungeon |   2400 |   2361 |     39 |      0 |   1826 |   3 |  800.0 |
               +--------+--------+--------+--------+--------+-----+--------+

Top non-repeatable levels by time:
     D:2: 1115 daAuts
     D:1: 1055 daAuts
     D:3: 229 daAuts
